 Dungeon Crawl Stone Soup version 0.31.0-1-g2c135a0 (webtiles) character file.

Game seed: 16303773967430167766

37 jagoly the Trooper (level 3, -1/24 HPs)
             Began as a Gargoyle Monk on Feb 2, 2024.
             Killed by divine providence
             ... invoked by an orc priest
              (16 damage)
             ... on level 2 of the Dungeon.
             The game lasted 00:01:38 (251 turns).

jagoly the Trooper (Gargoyle Monk)                   Turns: 251, Time: 00:01:38

Health: -1/24      AC:  5    Str: 16    XL:     3   Next: 39%
Magic:  3/3        EV: 12    Int: 10    God:
Gold:   27         SH:  0    Dex: 12    Spells: 2/2 levels left

rFire   . . .        a - +0 hand axe
rCold   . . .        d - orb {light}
rNeg    + . .        b - +0 robe
rPois   ∞            (no helmet)
rElec   +            (no cloak)
rCorr   .            (no gloves)
SInv    .            (no boots)
Will    .....        (no amulet)
Stlth   +            (no ring)
HPRegen 0.24/turn    (no ring)
MPRegen 0.08/turn

%: no passive effects
@: glowing
A: sickness immunity, AC +3, negative energy resistance 1, electricity
resistance, torment resistance 1, petrification resistance
a: no special abilities


You were on level 2 of the Dungeon.
You visited 1 branch of the dungeon, and saw 2 of its levels.

You collected 27 gold pieces.

Inventory:

Hand Weapons
 a - a +0 hand axe (weapon)
Missiles
 e - 13 stones (quivered)
Armour
 b - a +0 robe (worn)
 d - an orb of light (worn)
Scrolls
 f - a scroll of identify {unknown}
Potions
 c - a potion of ambrosia
 g - a potion of curing {unknown}
 h - a potion of degeneration {unknown}
 i - a potion of enlightenment {unknown}


   Skills:
 * Level 3.9 Fighting
 * Level 3.1 Axes
 + Level 1.0 Armour
 + Level 2.6 Dodging


You had 2 spell levels left.
You didn't know any spells.
Your spell library was empty.

Dungeon Overview and Level Annotations

Branches:
Dungeon (2/15) Zot: 11737

Altars:


Innate Abilities, Weirdness & Mutations

You are immune to sickness and miasma.
Your stone body is resilient. (AC +3)
You are immune to poison.
You resist negative energy. (rN+)
You are resistant to electric shocks. (rElec)
You are resistant to unholy torment.
You are immune to petrification.


Message History

Welcome, jagoly the Gargoyle Monk.
The Orb of Zot is coveted for many reasons.
Will you seize it for your own?
Press ? for a list of commands and other information.
Found 11 gold pieces.
Found a staircase leading out of the dungeon.
Adjust (i)tems, (s)pells, or (a)bilities?
Huh?
Found 3 gold pieces.
You now have 11 gold pieces.
You now have 14 gold pieces (gained 3).
An endoplasm comes into view.
Found a stone staircase leading down.
The endoplasm quivers.
You hit the endoplasm.
The endoplasm is severely wounded.
The endoplasm freezes you.
You are frozen.
You hit the endoplasm.
You kill the endoplasm!
No target in view!
No target in view!
A kobold comes into view. It is wielding a +0 whip.
The kobold shouts!
A dart slug comes into view.
The dart slug launches a dart at you. The slug dart misses you.
You hit the dart slug.
The dart slug is lightly wounded.
The dart slug bites you but does no damage.
You hit the dart slug.
The dart slug is heavily wounded.
You hit the dart slug.
The dart slug is almost dead.
The dart slug barely misses you.
You hit the dart slug.
You kill the dart slug!
No target in view!
No target in view!
You hit the kobold.
The kobold is heavily wounded.
The kobold barely misses you. x2
You barely miss the kobold.
The kobold is heavily wounded.
The kobold misses you.
You slash the kobold!
You kill the kobold!
No target in view!
No target in view!
There is a stone staircase leading down here.
Press: ? - help, v - describe, . - travel, g - get item
Items here: a +0 whip; 5 stones.
The floor.
This square is lit by a halo.
HP restored.
Things that are here:
a +0 whip; 5 stones
e - 5 stones
There is a stone staircase leading down here.
You climb downwards.
Found 6 gold pieces.
There is a stone staircase leading up here.
The bat misses you.
You hit the bat.
You kill the bat!
No target in view!
No target in view!
Found a blade talisman.
You now have 20 gold pieces (gained 6).
A giant cockroach comes into view.
A giant cockroach is nearby!
You hit the giant cockroach.
The giant cockroach is severely wounded.
The giant cockroach barely misses you.
The giant cockroach bites you but does no damage.
You hit the giant cockroach.
The giant cockroach is almost dead.
The giant cockroach bites you.
You barely miss the giant cockroach.
The giant cockroach is almost dead.
The giant cockroach misses you.
The giant cockroach attacks as it pursues you!
The giant cockroach bites you but does no damage. x2
You hit the giant cockroach but do no damage.
The giant cockroach is almost dead.
The giant cockroach closely misses you.
You hit the giant cockroach.
You kill the giant cockroach!
You have reached level 2!
A hobgoblin comes into view.
The hobgoblin shouts!
A hobgoblin is nearby!
The hobgoblin hits you but does no damage.
You barely miss the hobgoblin. The hobgoblin misses you.
You hit the hobgoblin but do no damage.
The hobgoblin hits you but does no damage.
You barely miss the hobgoblin.
The hobgoblin hits you but does no damage.
You hit the hobgoblin.
You kill the hobgoblin!
A ball python comes into view.
The ball python hisses angrily.
You hit the ball python.
You kill the ball python!
You see here a ball python corpse.
No target in view!
An adder comes into view.
You closely miss the adder. The adder bites you but does no damage.
The adder closely misses you.
You hit the adder.
The adder is lightly wounded.
The adder closely misses you.
You closely miss the adder.
The adder is lightly wounded.
The adder closely misses you. x2
You closely miss the adder.
The adder is lightly wounded.
The adder barely misses you.
You closely miss the adder.
The adder is lightly wounded.
The adder bites you but does no damage. The adder bites you.
You hit the adder.
The adder is moderately wounded.
The adder barely misses you.
You hit the adder but do no damage.
The adder is moderately wounded.
The adder bites you but does no damage. The adder misses you.
You hit the adder but do no damage.
The adder is moderately wounded.
The adder bites you.
You hit the adder.
The adder is almost dead.
The adder barely misses you. The adder closely misses you.
You hit the adder but do no damage.
The adder is almost dead.
The adder bites you but does no damage.
You hit the adder.
You kill the adder!
Your Axes skill increases to level 3!
HP restored.
HP restored.
You open the door. 4 jackals, a hobgoblin and an endoplasm come into view.
The jackal barks!
The hobgoblin shouts!
You hear an angry hiss.
The hobgoblin moves out of view.
There are monsters nearby!
An endoplasm comes into view.
The hobgoblin throws a stone.
The stone closely misses you.
There is an open door here.
The jackal attacks as it pursues you! The jackal bites you.
You hit the jackal but do no damage. The jackal barely misses you.
The jackal bites you.
You hit the jackal but do no damage. The jackal barely misses you.
The jackal bites you but does no damage.
You barely miss the jackal. The jackal misses you.
You hit the jackal.
The jackal is almost dead.
The jackal bites you. The jackal closely misses you.
You barely miss the jackal.
The jackal is almost dead.
The jackal misses you.
You barely miss the jackal.
The jackal is almost dead.
The jackal barely misses you. x2
You hit the jackal.
You kill the jackal!
The jackal bites you but does no damage.
You hit the jackal.
The jackal is almost dead.
The jackal bites you but does no damage.
You hit the jackal.
You kill the jackal!
The jackal barely misses you.
You hit the jackal but do no damage. The jackal misses you.
You hit the jackal.
You kill the jackal!
The endoplasm freezes you.
You are frozen.
You hit the endoplasm but do no damage. The endoplasm hits you.
* * * LOW HITPOINT WARNING * * *
You are too injured to fight recklessly!
You are too injured to fight recklessly!
You are too injured to fight recklessly!
You hit the endoplasm.
The endoplasm is heavily wounded.
The endoplasm hits you but does no damage.
You hit the endoplasm.
You kill the endoplasm!
The jackal bites you but does no damage.
You have reached level 3!
Your experience leads to an increase in your attributes!
Increase (S)trength, (I)ntelligence, or (D)exterity?
You feel stronger. x2
You hit the jackal.
The jackal is heavily wounded.
The jackal closely misses you. The jackal completely misses you.
You hit the jackal.
You kill the jackal!
The hobgoblin throws a stone.
The stone misses you.
You hit the endoplasm.
You kill the endoplasm!
The hobgoblin misses you.
You hit the hobgoblin.
The hobgoblin is almost dead.
The hobgoblin closely misses you.
You slash the hobgoblin!
You kill the hobgoblin!
You now have 27 gold pieces (gained 7).
e - 13 stones (gained 8)
Items here: ††††.
There are no objects that can be picked up here. a hobgoblin corpse; a jackal corpse x3
There is an open door here.
A bat comes into view.
Found a dark potion.
Found a golden potion.
The bat barely misses you.
You closely miss the bat. The bat barely misses you.
The bat hits you but does no damage.
You closely miss the bat. The bat misses you. The bat barely misses you.
The bat hits you but does no damage. The bat hits you but does no damage.
You hit the bat.
You kill the bat!
Found a scroll labelled TICIEC CUUQERGHI.
There is an open door here.
f - a scroll labelled TICIEC CUUQERGHI
g - a dark potion
h - a golden potion You open the door.
An orc comes into view. It is wielding a +0 club.
The orc shouts!
There is an open door here.
You barely miss the orc. The orc hits you with a +0 club.
You hit the orc.
The orc is almost dead.
The orc hits you with a +0 club. The orc hits you but does no damage.
You hit the orc but do no damage.
The orc is almost dead.
The orc closely misses you.
You hit the orc.
You kill the orc!
No target in view!
You open the door.
A hobgoblin comes into view.
The hobgoblin shouts!
Found a green potion.
There is an open door here.
You hit the hobgoblin.
The hobgoblin is severely wounded.
The hobgoblin hits you.
You hit the hobgoblin.
You kill the hobgoblin!
No target in view!
No target in view!
i - a green potion You open the door.
There is an open door here.
You open the door.
A kobold, an orc priest and 3 orcs come into view.
The kobold shouts!
The orc shouts! x2; The orc priest shouts!
The orc shouts!
The kobold throws a stone.
The stone barely misses you.
Found 19 gold pieces.
There is an open door here.
The orc priest looks satisfied for a moment.
There is an open door here.
You hit the orc.
The orc is heavily wounded.
The orc misses you.
You barely miss the orc.
The orc is heavily wounded.
The orc hits you with a +0 club.
You hit the orc.
The orc is severely wounded.
The orc hits you with a +0 club.
You hit the orc but do no damage.
The orc is severely wounded.
You hit the orc.
You kill the orc!
You hit the orc. The orc hits you but does no damage.
You hit the orc.
The orc is almost dead.
The orc barely misses you.
You hit the orc.
You kill the orc!
Your Armour skill increases to level 1!
You hit the orc priest.
The orc priest is lightly wounded.
The orc priest hits you but does no damage.
You hit the orc priest.
The orc priest is lightly wounded.
The orc priest invokes the aid of Beogh against you.
Pain shoots through your body!
You barely miss the orc priest.
The orc priest is lightly wounded.
You barely miss the orc priest.
The orc priest is lightly wounded.
You barely miss the kobold. The orc priest closely misses you.
The kobold hits you but does no damage.
The orc priest hits you but does no damage.
The kobold closely misses you.
Cleave: a) +0 hand axe
Press: ? - help, Dir - move target, f - orc priest
Aim: an orc priest, wielding a +0 club (lightly wounded, haloed, about 21% to evade your +0 hand axe)
You hit the orc priest but do no damage.
The orc priest is lightly wounded.
You completely miss the kobold. The orc priest closely misses you.
The kobold hits you but does no damage.
Cleave: a) +0 hand axe
Press: ? - help, Dir - move target, f/p - orc priest
Aim: an orc priest, wielding a +0 club (lightly wounded, haloed, about 21% to evade your +0 hand axe)
You hit the orc priest.
The orc priest is moderately wounded.
You hit the kobold.
The orc priest hits you but does no damage.
The kobold closely misses you.
Cleave: a) +0 hand axe
Press: ? - help, Dir - move target, f/p - orc priest
Aim: an orc priest, wielding a +0 club (moderately wounded, haloed, about 21% to evade your +0 hand axe)
You slash the orc priest!
The orc priest is almost dead.
You barely miss the kobold.
The orc priest mumbles some strange prayers to Beogh against you.
Beogh smites you!
Ouch! That really hurt!
You die...

..#.#....###.#.##########
...........†........#
####+#######'####.....
##.....# #.###
##.....####.#
##.....###.#.#
##...†.###..#.#
#.....###..oKo# #
###'####...@#.#
##.#.....#.....#.#
##..#.....#....##o###
#...'.....'†..###...#
#....#.....#..####o###
.....#.....#.###$#K###.#..
.... ###'######..#.......#
.. #..)..# #.o.o..######
#.....###...o#.##


You could see an orc priest, an orc and a kobold.

Vanquished Creatures
  An adder (D:2)
  A dart slug (D:1)
  3 orcs (D:2)
  3 endoplasms
  A giant cockroach (D:2)
  3 hobgoblins (D:2)
  4 jackals (D:2)
  A kobold (D:1)
  A ball python (D:2)
  2 bats (D:2)
20 creatures vanquished.

Notes
Turn   | Place    | Note
-------+----------+-------------------------------------------
     0 | D:1      | jagoly the Gargoyle Monk began the quest for the Orb.
     0 | D:1      | Reached XP level 1. HP: 14/14 MP: 1/1
    62 | D:2      | Reached XP level 2. HP: 19/19 MP: 2/2
   171 | D:2      | Reached XP level 3. HP: 13/24 MP: 3/3
   245 | D:2      | Reached skill level 1 in Armour
   251 | D:2      | Killed from afar by an orc priest

Illustrated notes

Levels and vault maps discovered:
D:1:      dpeg_arrival_oval, layout_loops_corners,
          hellmonk_ecumenical_altar_watching_god
D:2:      layout_loops_ring, grunt_decor_clamped, minmay_quadrilaterals

Skill      XL: |  1  2  3 |
---------------+----------+-----
Axes           | 3 |  3.1
Armour         | 1 |  1.0
Fighting       | |  3.9
Dodging        | |  2.6

Action                     || total
---------------------------++-------
  Melee: Hand axe          ||    73
 Armour: Robe              ||    38
  Dodge: Dodged            ||    46
